 Dungeon Crawl Stone Soup version 0.20-a0-277-g7db01f4 (webtiles) character file.

61 Chikkuri the Insei (level 4, -9/28 HPs)
             Began as an Octopode Transmuter on Dec 13, 2016.
             Killed from afar by Natasha (11 damage)
             ... with a wand of flame (?/48)
             ... on level 2 of the Dungeon.
             The game lasted 00:04:38 (1108 turns).

Chikkuri the Insei (Octopode Transmuter)            Turns: 1108, Time: 00:04:39

Health: -9/28      AC:  1    Str:  9    XL:     4   Next: 7%
Magic:  7/7        EV: 13    Int: 16    God:
Gold:   91         SH:  0    Dex: 12    Spells: 6/7 levels left

rFire  . . .     SeeInvis .     h - +1 dagger (venom)
rCold  . . .     Gourm    .     (no shield)
rNeg   . . .     Faith    .     (helmet restricted)
rPois  .         Spirit   .     (no amulet)
rElec  .         Reflect  .     (no ring)
rCorr  .         Harm     .     (no ring)
MR     .....                    (no ring)
Stlth  ++........               (no ring)
                                (no ring)
                                (no ring)
                                (no ring)
                                (no ring)

@: no status effects
A: almost no armour, stealthy swim, amphibious, 8 rings, constrict 8, camouflage
1, gelatinous body 1
a: no special abilities


You were on level 2 of the Dungeon.
You were not hungry.

You visited 1 branch of the dungeon, and saw 2 of its levels.

You collected 91 gold pieces.

Inventory:

Hand Weapons
 h - a +1 dagger of venom (weapon)
Missiles
 a - 38 arrows
Scrolls
 d - 5 scrolls of identify {unknown}
 e - 2 scrolls of enchant armour {unknown}
 g - a scroll of amnesia {unknown}
 j - 2 scrolls of immolation {unknown}
 l - a scroll of enchant weapon {unknown}
 m - a scroll of fog {unknown}
Potions
 k - a potion of magic
 n - a potion of flight {unknown}
 o - a potion of curing {unknown}
Books
 b - a book of Changes

   Spells                             Type                      Level
   a - Beastly Appendage              Transmutation                1
   b - Sticks to Snakes               Transmutation                2
   c - Spider Form                    Transmutation/Poison         3
   d - Ice Form                       Ice/Transmutation            4
   e - Blade Hands                    Transmutation                5
Comestibles
 c - 3 bread rations
 f - a meat ration


   Skills:
 - Level 1.0 Fighting
 - Level 0.2 Short Blades
 + Level 2.2 Dodging
 + Level 0.4 Stealth
 * Level 4.0 Unarmed Combat
 + Level 2.2 Spellcasting
 * Level 2.6 Transmutations


You had 6 spell levels left.
You knew the following spells:

 Your Spells              Type           Power        Failure   Level  Hunger
a - Beastly Appendage     Tmut           ##....       10%         1    #......


Dungeon Overview and Level Annotations

Branches:
Dungeon (2/15)

Altars:

Annotations:
D:2 Natasha


Innate Abilities, Weirdness & Mutations

You cannot wear most types of armour.
You are very stealthy in the water. (Stealth+)
You are amphibious.
You can wear up to eight rings at the same time.
You can use your tentacles to constrict eight enemies at once.
Your skin changes colour to match your surroundings (Stealth+).
Your rubbery body absorbs attacks. (AC +1, EV +1)


Message History

A hobgoblin comes into view. It is wielding a club.
Natasha hisses angrily.
Natasha drinks a potion.
Natasha seems to speed up.
Natasha zaps a wand.
The puff of flame misses you.
It is a wand of flame (?/48).
Your tentacle spike disappears.
Natasha howls an incantation.
Natasha glows brightly for a moment.
Natasha mumbles some strange words.
Natasha mumbles some strange words.
Natasha mewls in sadness.
Natasha zaps a wand.
The puff of flame hits you!
Ouch! That really hurt!
Natasha mumbles some strange words.
The white imp gestures at you. The puff of frost hits you!
* * * LOW HITPOINT WARNING * * *
Natasha wildly gestures.
Natasha shimmers violently.
Natasha zaps a wand.
The puff of flame hits you!
You die...

.... h).h. ...#
#####.###...###
...# #.#
#.###.........#.#
# ..###...
#.........###...#
# #...#
#.###.###.#####
##.## # #.#
#.....# #.# #.# #
#.# ####.## #.#
#.# # #.#######.##
#.# #.# #
#.....5h...###.#
#.# #
#..####5...@..<#
#.# # #....#
##5.....## #.# #
#....# ###.......#
#.# #
#................#
#
#..#.#####....)..#
# .....#
#........##
###.### #.###...##
#.. #..## .. ....


You could see Natasha, a crimson imp and 2 white imps.

Vanquished Creatures
  Natasha (D:2)
  An ooze (D:1)
  3 dart slugs (D:1)
  2 bats (D:1)
  A giant cockroach (D:1)
  A goblin (D:1)
  7 hobgoblins
  5 jackals (D:1)
  3 rats (D:1)
24 creatures vanquished.

Notes
Turn   | Place    | Note
-------+----------+-------------------------------------------
     0 | D:1      | Chikkuri the Octopode Transmuter began the quest for the Orb.
     0 | D:1      | Reached XP level 1. HP: 13/13 MP: 3/3
    47 | D:1      | Reached XP level 2. HP: 12/18 MP: 3/5
   310 | D:1      | Reached XP level 3. HP: 19/23 MP: 4/6
   849 | D:2      | Noticed Natasha
   858 | D:2      | Killed Natasha
   858 | D:2      | Reached skill level 4 in Unarmed Combat
   858 | D:2      | Reached XP level 4. HP: 7/28 MP: 7/7
  1095 | D:2      | Noticed Natasha
  1108 | D:2      | Killed from afar by Natasha

Vault maps used:
D:1:      saegor_arrival_simple_a, minmay_pentomino_v2
D:2:      uniq_sigmund, uniq_natasha

Skill      XL: |  1  2  3 |
---------------+----------+-----
Unarmed Combat | 4 |  4.0
Fighting       | |  1.0
Short Blades   | |  0.2
Dodging        | |  2.2
Stealth        | |  0.4
Spellcasting   | |  2.2
Transmutations | |  2.6

Action                   |  1- 3 |  4- 6 || total
-------------------------+-------+-------++-------
Melee: Unarmed           |    37 |       ||    37
       Tentacles         |     7 |       ||     7
       Constrict         |    13 |     1 ||    14
       Kick              |     7 |     1 ||     8
       Punch             |     2 |       ||     2
       Dagger            |    15 |     1 ||    16
 Cast: Beastly Appendage |     6 |     1 ||     7
  Use: Potion            |     1 |       ||     1
 Stab: Sleeping          |     3 |     1 ||     4
  Eat: Pizza             |       |     1 ||     1
Armor: Skin              |     2 |       ||     2
Dodge: Dodged            |    24 |     1 ||    25
